 Dungeon Crawl Stone Soup version 0.25-a0-435-g4b9beb1 (webtiles) character file.

Game seed: 1909945392219671148, levelgen mode: deterministic

180618 Anathematize the Severer (level 17, -4/152 HPs)
             Began as a Demigod Fighter on Jan 26, 2020.
             Succumbed to a redback's poison
             ... on level 3 of the Spider Nest.
             The game lasted 02:34:35 (52297 turns).

Anathematize the Severer (Demigod Fighter)         Turns: 52297, Time: 02:34:36

Health: -4/152     AC:  2    Str: 21      XL:     17   Next: 8%
Magic:  28/28      EV: 18    Int: 19 (20) God:
Gold:   2635       SH: 14    Dex: 15      Spells: 17/26 levels left

rFire    . . .     SeeInvis +   g - +7 broad axe (flame)
rCold    . . .     Gourm    .   c - +0 shield
rNeg     + . .     Faith    .   z - +0 swamp dragon scales
rPois    +         Spirit   .   O - +1 helmet
rElec    .         Reflect  .   X - +2 cloak
rCorr    .         Harm     .   W - +1 pair of gloves
MR       ++++.     Clarity  +   V - +1 pair of boots
Stlth    +.........             E - amulet of the Four Winds {rN+ MR+++ Clar}
HPRegen  0.35/turn              S - ring of see invisible
MPRegen  0.21/turn              w - +4 ring of evasion

@: lethally poisoned (-4 -> -61), corroded
A: high mp 1
a: no special abilities


You were on level 3 of the Spider Nest.
You were not hungry.

You visited 5 branches of the dungeon, and saw 30 of its levels.
You also visited: Sewer, Ossuary and Ice Cave.

You collected 3846 gold pieces.
You spent 1211 gold pieces at shops.

Inventory:

Hand Weapons
 g - a +7 broad axe of flaming (weapon)
 i - a +5 trident of freezing
Missiles
 K - 20 curare-tipped darts (quivered)
Armour
 c - a +0 shield (worn)
 z - +0 swamp dragon scales (worn)
 B - a +0 plate armour of cold resistance
 J - a +1 cloak of magic resistance
 O - a +1 helmet (worn)
 V - a +1 pair of boots (worn)
 W - a +1 pair of gloves (worn)
 X - a +2 cloak (worn)
Jewellery
 b - an uncursed amulet of regeneration
 r - an uncursed ring of wizardry
 v - an uncursed ring of protection from magic
 w - a +4 ring of evasion (right hand)
 E - the amulet of the Four Winds (around neck) {rN+ MR+++ Clar}
   (You took it off a centaur on level 12 of the Dungeon)

   [amulet of nothing]

   It protects you from negative energy.
   It affects your resistance to hostile enchantments.
   It protects you against confusion.
 H - an uncursed ring of ice
 R - an uncursed ring of positive energy
 S - a ring of see invisible (left hand)
 Y - an uncursed ring of resist corrosion
 Z - an uncursed ring of ice
Wands
 d - a wand of paralysis (16)
 j - a wand of acid (16)
 x - a wand of digging (6)
 P - a wand of flame (35)
 Q - a wand of iceblast (25)
Scrolls
 a - 5 scrolls of identify
 e - 5 scrolls of fog
 h - a scroll of enchant armour
 l - 7 scrolls of teleportation
 m - 12 scrolls of remove curse
 y - 4 scrolls of blinking
 C - a scroll of summoning
 G - a scroll of amnesia
 I - 3 scrolls of magic mapping
 L - 3 scrolls of fear
 T - 5 scrolls of noise
Potions
 k - 2 potions of might
 n - 4 potions of ambrosia
 o - 9 potions of curing
 p - a potion of heal wounds
 q - 2 potions of agility
 s - 2 potions of flight
 t - 5 potions of lignification
 A - a potion of cancellation
 D - 5 potions of mutation
 F - 4 potions of brilliance
 M - 3 potions of haste
 N - 8 potions of magic
Miscellaneous
 u - a phantom mirror
Comestibles
 f - 25 rations


   Skills:
 + Level 14.0 Fighting
 * Level 16.2 Axes
 - Level 5.4 Armour
 - Level 5.0 Dodging
 - Level 15.0 Shields
 - Level 5.0 Spellcasting
 + Level 7.9 Air Magic
 + Level 8.4 Poison Magic


You had 17 spell levels left.
You knew the following spells:

 Your Spells              Type           Power        Failure   Level  Hunger
a - Magic Dart            Conj           #...         19%         1    None
c - Swiftness             Chrm/Air       ###.....     6%          2    #......
o - Olgreb's Toxic Radia  Pois           #####...     6%          4    ####...
v - Poisonous Vapours     Pois/Air       #####.       1%          2    #......

Your spell library contained the following spells:

 Spells                   Type           Power        Failure   Level  Hunger
 Shock                    Conj/Air       ###.         3%          1    None
 Sting                    Tmut/Pois      ###.         3%          1    None
 Mephitic Cloud           Conj/Pois/Air  ####....     6%          3    ##.....
 Airstrike                Air            ####......   8%          4    ####...
 Static Discharge         Conj/Air       ###.....     12%         3    ##.....
 Animate Skeleton         Necr           N/A          19%         1    None
 Pain                     Necr           #...         19%         1    None
 Searing Ray              Conj           #.....       28%         2    #......
 Conjure Flame            Conj/Fire      #.......     50%         3    ##.....
 Dazzling Flash           Conj/Hex       #.....       50%         3    ##.....
 Recall                   Summ/Tloc      N/A          50%         3    ##.....
 Spectral Weapon          Hex/Chrm       #.......     50%         3    ##.....
 Vampiric Draining        Necr           #.........   50%         3    ##.....
 Alistair's Intoxication  Tmut/Pois      ###.....     67%         5    ######.
 Lightning Bolt           Conj/Air       ###.......   71%         5    ######.
 Animate Dead             Necr           N/A          88%         4    ####...
 Fulminant Prism          Conj/Hex       #.........   88%         4    ####...
 Ice Form                 Ice/Tmut       #.......     88%         4    ####...
 Iskenderun's Mystic Bla  Conj/Tloc      #.......     88%         4    ####...
 Agony                    Necr           #.......     99%         5    ######.
 Borgnjor's Vile Clutch   Necr/Erth      #.........   99%         5    ######.
 Metabolic Englaciation   Hex/Ice        #.........   99%         5    ######.
 Death Channel            Necr           #.........   100%        6    #######
 Freezing Cloud           Conj/Ice/Air   ##........   100%        6    #######
 Ozocubu's Refrigeration  Ice            #.........   100%        6    #######
 Simulacrum               Ice/Necr       #.........   100%        6    #######
 Ring of Flames           Chrm/Fire      #.........   100%        7    #######


Dungeon Overview and Level Annotations

Branches:
Dungeon (15/15)            Temple (0/1) D:7            Lair (6/6) D:8
  Swamp (3/4) Lair:4       Spider (4/4) Lair:3        Slime (0/5) Lair:5
    Orc (2/2) D:11            Elf (0/3) Orc:2        Vaults (0/5) D:14
 Depths (0/5) D:15          Sewer (visited)         Ossuary (visited)
  IceCv (visited)

Shops:
D:8 %   D:14 ?   Orc:2 [:*(

Annotations:
D:3 1 runed translucent door, exclusions: door and downstairs, Crazy Yiuf
D:4 Menkaure
D:6 exclusion: 2 downstairs
D:7 exclusion: downstairs, Joseph
D:9 exclusion: downstairs
Lair:5 exclusion: downstairs
Lair:6 exclusion: 2 doors
Spider:3 exclusion: downstairs
Spider:4 exclusion: 3 doors


Innate Abilities, Weirdness & Mutations

You have an increased reservoir of magic. (+10% MP)


Message History

The redback poisons you! The redback completely misses you.
You feel very sick. The redback bites you!
* * * LOW HITPOINT WARNING * * *
You are lethally poisoned!
The redback poisons you!
* * * LOW HITPOINT WARNING * * *
You feel very sick. The redback bites you!
* * * LOW HITPOINT WARNING * * *
There is a stone staircase leading up, spattered with blood here.
* * * LOW HITPOINT WARNING * * *
You feel very sick. The redback bites you!
* * * LOW HITPOINT WARNING * * *
The redback closely misses you. The redback bites you!
* * * LOW HITPOINT WARNING * * *
You climb upwards.
Level annotation: exclusion: downstairs You die...

≈≈≈# ##................<...≈≈# ##
≈≈####............^..........###.
#≈###........^........#...#^.....
.#≈...............)≈.......^.....
..........^............#........^
.......................^.^.......
#..=.............................
#.."............ss.........^.....
.>..........>...@..^.............
.................................
.........................)......#
..............................^..
...^^............................
.^.............................##
#........<........^............#.
.................................
.................................


You could see 2 redbacks.

Vanquished Creatures
  Saint Roka (Orc:1)
  Rupert (Lair:4)
  Kirke (Lair:4)
  A thorn hunter (Swamp:3)
  An emperor scorpion (Spider:2)
  Aizul (Swamp:3)
  Louise (Spider:1)
  3 ghost moths
  A very ugly thing (Swamp:2)
  3 entropy weavers
  2 stone giants (Orc:2)
  3 dire elephants (Lair:6)
  2 spark wasps
  2 blizzard demons (IceCv)
  Snorg (D:10)
  Josephine (Lair:5)
  Fannar (Lair:2)
  A rakshasa (D:14)
  7 hydras
  An anaconda (Lair:6)
  4 ghost crabs
  3 centaur warriors
  A death knight (D:13)
  11 alligators
  4 tengu warriors
  3 two-headed ogres
  6 death yaks (Lair:6)
  Sonja (Lair:3)
  2 orc high priests (Orc:2)
  A skeletal warrior (D:14)
  Nergalle (Orc:2)
  A spriggan druid (Swamp:2)
  An unseen horror (D:13)
  An unseen horror (shapeshifter) (D:15)
  4 swamp dragons
  A wizard (D:14)
  A phantasmal warrior (D:13)
  3 orc knights
  A necromancer (Spider:1)
  13 orb spiders
  4 orc sorcerers
  17 ugly things
  17 wolf spiders
  4 cyclopes
  14 wolf spider zombies
  2 deep elf magi
  A salamander (shapeshifter) (D:14)
  2 manticores
  7 elephants
  5 centaur zombies
  3 ice statues
  2 torpor snails
  5 black mambas
  12 spiny frogs
  4 centaur skeletons
  A spiny frog (shapeshifter) (D:15)
  8 komodo dragons
  2 kobold demonologists
  A rime drake (Lair:4)
  9 redback zombies (Spider:1)
  4 ice devils (IceCv)
  2 anaconda simulacra (IceCv)
  A golden dragon simulacrum (IceCv)
  4 freezing wraiths
  A yaktaur (D:15)
  6 demonic crawlers
  A polar bear (Lair:4)
  26 jumping spiders
  9 tyrant leeches
  5 trolls
  2 wolf spider simulacra (IceCv)
  15 hornets
  A snapping turtle (shapeshifter) (D:13)
  A harpy skeleton (D:15)
  A raiju (shapeshifter) (D:14)
  Prince Ribbit (D:6)
  15 blink frogs
  4 bog bodies
  20 slime creatures
  A blink frog (shapeshifter) (D:15)
  10 hippogriffs
  11 tarantella zombies (Spider:1)
  17 tarantellas
  2 vampires
  52 redbacks
  A redback (shapeshifter) (D:14)
  11 spriggans
  4 shadows
  7 wyverns
  2 dire elephant simulacra (IceCv)
  45 yaks
  6 wraiths
  4 basilisks
  A basilisk (shapeshifter) (D:15)
  2 hogs (Lair:4)
  2 steam dragons
  5 hungry ghosts
  A death yak simulacrum (IceCv)
  9 swamp worms
  4 vampire mosquitoes (Swamp:1)
  4 wargs
  3 iron troll simulacra (IceCv)
  5 harpy simulacra (IceCv)
  An acid dragon (D:8)
  A hydra simulacrum (IceCv)
  5 porcupines
  12 water moccasins
  Duvessa (D:5)
  28 orc warriors
  An ice beast (D:10)
  2 eyes of draining (D:13)
  6 swamp drakes
  4 phantoms
  A black bear (D:12)
  5 sky beasts
  15 ogres
  4 boggarts
  4 wolves (D:8)
  5 centaurs
  12 crocodiles
  2 elf zombies (D:5)
  9 big kobolds
  23 bullfrogs
  A gnoll sergeant (D:7)
  4 elf skeletons (D:5)
  A wyvern zombie (D:11)
  A wyvern skeleton (D:13)
  6 scorpions
  Dowan (D:5)
  An elephant simulacrum (IceCv)
  11 killer bees
  14 wights
  2 electric eels
  3 bullfrog zombies
  4 howler monkeys
  6 crimson imps
  A draconian simulacrum (IceCv)
  2 bullfrog skeletons
  3 quasits
  2 jellies
  15 orc priests
  A human zombie (D:5)
  10 hounds
  18 orc wizards
  4 iguanas
  An iron imp (D:8)
  3 human skeletons (D:5)
  A polar bear simulacrum (IceCv)
  4 spriggan simulacra (IceCv)
  2 troll simulacra (IceCv)
  13 worker ants
  A killer bee zombie (D:7)
  2 wolf simulacra (IceCv)
  2 centaur simulacra (IceCv)
  A hound skeleton (D:4)
  A mummy (Ossuary)
  A worker ant zombie (D:11)
  15 gnolls
  A howler monkey skeleton (D:8)
  16 adders
  6 naga simulacra (IceCv)
  3 ogre simulacra (IceCv)
  2 river rats (Sewer)
  6 shadow imps
  3 white imps (IceCv)
  4 ufetubi (IceCv)
  7 oozes
  2 adder zombies (D:7)
  A worm (D:4)
  2 dart slugs
  7 leopard geckos
  61 orcs
  7 bats
  10 giant cockroaches
  17 goblins
  11 hobgoblins
  6 jackals
  22 kobolds
  2 quokkas
  5 ball pythons
  5 frilled lizards
  9 gnoll skeletons (Ossuary)
  A jackal skeleton (D:3)
  7 kobold skeletons (Ossuary)
  A leopard gecko zombie (D:8)
  9 orc skeletons (Ossuary)
  An orc zombie (D:5)
  A quokka zombie (D:7)
  13 rats
  3 plants (Lair:6)
1096 creatures vanquished.

Vanquished Creatures (others)
  A redback (Spider:1)
  A white imp (IceCv)
  4 ufetubi (IceCv)
  3 briar patches (Swamp:3)
  A bush (Lair:6)
  32 fungi
  33 plants
75 creatures vanquished.

Grand Total: 1171 creatures vanquished

Notes
Turn   | Place    | Note
-------+----------+-------------------------------------------
     0 | D:1      | Anathematize the Demigod Fighter began the quest for the
                  | Orb.
     0 | D:1      | Reached XP level 1. HP: 18/18 MP: 3/3
    61 | D:1      | Reached skill level 2 in Axes
    84 | D:1      | You fall into a shaft and drop 1 floor!
   159 | D:1      | Reached XP level 2. HP: 24/25 MP: 4/4
   544 | D:1      | Reached XP level 3. HP: 25/31 MP: 5/5
   890 | D:2      | Reached skill level 3 in Axes
  1038 | D:2      | Found a white marble altar of Elyvilon.
  1692 | D:3      | Found a glowing drain.
  1816 | Sewer    | Entered a sewer
  1906 | Sewer    | Noticed a big kobold
  1934 | Sewer    | Killed a big kobold
  1934 | Sewer    | Reached skill level 4 in Axes
  1934 | Sewer    | Reached XP level 4. HP: 36/40 MP: 6/6
  1997 | Sewer    | Noticed a big kobold
  2017 | Sewer    | Killed a big kobold
  2017 | Sewer    | Reached XP level 5. HP: 46/46 MP: 7/7
  2211 | Sewer    | Reached skill level 5 in Axes
  2268 | Sewer    | Reached XP level 6. HP: 45/53 MP: 8/8
  2490 | Sewer    | Reached skill level 6 in Axes
  2490 | Sewer    | Reached XP level 7. HP: 60/60 MP: 9/9
  2525 | Sewer    | Reached skill level 5 in Fighting
  2575 | D:3      | Found a shimmering altar of Xom.
  2575 | D:3      | Found a shimmering altar of Xom.
  2662 | D:3      | Found a shimmering altar of Xom.
  2665 | D:3      | Found a shimmering altar of Xom.
  3123 | D:3      | Found a runed translucent door.
  3124 | D:3      | Noticed Crazy Yiuf
  4065 | D:3      | Reached skill level 7 in Axes
  4263 | D:4      | Noticed Menkaure
  4473 | D:4      | Found a bloodstained altar of Trog.
  4694 | D:4      | Found an ornate altar of the Wu Jian Council.
  4697 | D:4      | Found a hide-covered altar of Uskayaw.
  4870 | D:4      | Found a hazy altar of Hepliaklqana.
  5294 | D:5      | Entered Level 5 of the Dungeon
  5300 | D:5      | Reached XP level 8. HP: 64/70 MP: 10/10
  5393 | D:5      | Noticed Duvessa
  5393 | D:5      | Noticed Dowan
  5426 | D:5      | Killed Dowan
  5428 | D:5      | Killed Duvessa
  5466 | D:5      | Reached skill level 8 in Axes
  5485 | D:5      | Found a sand-covered staircase.
  5519 | Ossuary  | Entered an ossuary
  6541 | D:5      | Reached XP level 9. HP: 76/78 MP: 11/11
  6966 | D:6      | Reached skill level 9 in Axes
  7407 | D:6      | Noticed Prince Ribbit
  7461 | D:6      | Killed Prince Ribbit
  7592 | D:6      | Found an iron altar of Okawaru.
  7687 | D:6      | Found a sacrificial altar of Ru.
  8134 | D:7      | Found an ancient bone altar of Kikubaaqudgha.
  8160 | D:7      | Reached skill level 5 in Shields
  9267 | D:7      | Found a staircase to the Ecumenical Temple.
  9406 | D:7      | Reached skill level 10 in Axes
  9452 | D:7      | Noticed Joseph
  9765 | D:8      | Noticed a komodo dragon
  9990 | D:8      | Noticed a red ugly thing
 10334 | D:8      | Found an iron altar of Okawaru.
 10361 | D:8      | Killed a komodo dragon
 10361 | D:8      | Reached skill level 5 in Armour
 10361 | D:8      | Reached XP level 10. HP: 86/86 MP: 13/13
 10539 | D:8      | Noticed a two-headed ogre
 10606 | D:8      | Found a glowing silver altar of Zin.
 10790 | D:8      | Killed a two-headed ogre
 10860 | D:8      | Learned a level 1 spell: Magic Dart
 10984 | D:8      | Found a burning altar of Makhleb.
 11083 | D:8      | Found Xyaheut's Food Shoppe.
 11128 | D:8      | Learned a level 2 spell: Poisonous Vapours
 11304 | D:8      | Reached skill level 1 in Dodging
 11561 | D:8      | Found a staircase to the Lair.
 11661 | Lair:1   | Entered Level 1 of the Lair of Beasts
 12016 | Lair:1   | Reached skill level 11 in Axes
 12304 | Lair:1   | Noticed a six-headed hydra
 12606 | Lair:1   | Noticed a black mamba
 12626 | Lair:1   | Killed a black mamba
 12935 | Lair:1   | Got a pair of fine boots
 13069 | Lair:1   | Noticed a black mamba
 13095 | Lair:1   | Killed a black mamba
 13490 | Lair:1   | Reached XP level 11. HP: 79/95 MP: 14/14
 13924 | D:9      | Found a blossoming altar of Fedhas.
 14746 | D:10     | Entered Level 10 of the Dungeon
 15209 | D:10     | Noticed a two-headed ogre
 15662 | D:10     | Noticed Snorg
 15672 | D:10     | Killed Snorg
 15688 | D:10     | Identified the cursed +0 pair of boots of Wrong Decisions
                  | {*Slow rF+ Int+7 SInv} (You found it on level 1 of the Lair
                  | of Beasts)
 16085 | D:11     | Reached skill level 12 in Axes
 16206 | D:11     | Found a staircase to the Orcish Mines.
 17032 | Lair:1   | Killed a six-headed hydra
 18199 | Lair:3   | Reached skill level 5 in Dodging
 18255 | Lair:3   | Noticed Fannar
 18334 | Lair:2   | Killed Fannar
 18334 | Lair:2   | Reached XP level 12. HP: 96/105 MP: 14/16
 18406 | Lair:3   | Noticed Sonja
 18412 | Lair:3   | Killed Sonja
 18412 | Lair:3   | Reached skill level 1 in Spellcasting
 18506 | Lair:3   | Found a hole to the Spider Nest.
 19190 | Lair:4   | Found a staircase to the Swamp.
 19219 | Lair:4   | Noticed Rupert
 19247 | Lair:4   | Killed Rupert
 19247 | Lair:4   | Reached skill level 10 in Fighting
 19247 | Lair:4   | Reached skill level 13 in Axes
 19636 | Lair:4   | Noticed a seven-headed hydra
 19655 | Lair:4   | Killed a seven-headed hydra
 20188 | Lair:4   | Noticed Kirke
 20265 | Lair:4   | Killed Kirke
 20788 | Lair:5   | Found a staircase to the Slime Pits.
 20789 | Lair:5   | Found a viscous altar of Jiyva.
 20895 | Lair:5   | Noticed Josephine
 21169 | Lair:5   | Killed Josephine
 21670 | Lair:5   | Reached XP level 13. HP: 75/114 MP: 22/22
 21828 | Lair:5   | Got a translucent scale mail
 22113 | Lair:6   | Entered Level 6 of the Lair of Beasts
 22749 | Lair:5   | Reached skill level 14 in Axes
 23358 | Lair:5   | Reached skill level 1 in Air Magic
 23993 | Lair:6   | Identified the +4 scale mail "Mooshyg" {+Inv rF- rN+} (You
                  | found it on level 5 of the Lair of Beasts)
 24081 | Lair:6   | Reached skill level 10 in Shields
 24362 | Lair:6   | Reached skill level 5 in Spellcasting
 24993 | Orc:1    | Entered Level 1 of the Orcish Mines
 25481 | Orc:2    | Entered Level 2 of the Orcish Mines
 25495 | Orc:2    | Found a staircase to the Elven Halls.
 25523 | Orc:2    | Noticed a stone giant
 25640 | Orc:2    | Killed a stone giant
 25640 | Orc:2    | Reached skill level 1 in Poison Magic
 26390 | Orc:2    | Paralysed by an orc sorcerer for 3 turns
 26562 | Orc:2    | Noticed Nergalle
 26580 | Orc:2    | Killed Nergalle
 26611 | Orc:2    | Noticed Saint Roka
 26923 | D:12     | You fall into a shaft and drop 1 floor!
 27530 | D:13     | Reached XP level 14. HP: 123/124 MP: 25/25
 29930 | D:14     | Found Ischoezaa's Magic Scroll Boutique.
 29944 | D:14     | Bought a scroll of identify for 22 gold pieces
 29944 | D:14     | Bought a scroll of enchant weapon for 82 gold pieces
 29944 | D:14     | Bought a scroll of identify for 22 gold pieces
 29944 | D:14     | Bought a scroll of identify for 22 gold pieces
 29944 | D:14     | Bought a scroll of identify for 22 gold pieces
 29957 | D:14     | Found a shadowy altar of Dithmenos.
 30012 | D:14     | Learned a level 2 spell: Swiftness
 30072 | D:14     | Reached skill level 5 in Air Magic
 31741 | D:14     | Found a gate to the Vaults.
 32059 | D:15     | Entered Level 15 of the Dungeon
 33662 | D:15     | Found a staircase to the Depths.
 33927 | D:15     | Reached skill level 5 in Poison Magic
 35442 | Orc:1    | Killed Saint Roka
 35442 | Orc:1    | Reached XP level 15. HP: 44/134 MP: 26/26
 36135 | Orc:2    | Found a roughly hewn altar of Beogh.
 36215 | Orc:2    | Found Ebajil's Antique Weapon Shoppe.
 36217 | Orc:2    | Found Ecziuzeh's Book Shoppe.
 36305 | Orc:2    | Found Oprimning's General Store.
 36385 | Orc:2    | Found Igrew's Antique Armour Shoppe.
 36407 | Orc:2    | Bought 2 scrolls of teleportation for 72 gold pieces
 38355 | Swamp:1  | Entered Level 1 of the Swamp
 38641 | Swamp:1  | You fall into a shaft and drop 1 floor!
 40636 | Swamp:1  | You fall into a shaft and drop 1 floor!
 43253 | Swamp:2  | Reached skill level 15 in Axes
 44189 | Swamp:3  | Noticed Aizul
 44204 | Swamp:3  | Killed Aizul
 44721 | Swamp:3  | Noticed a thorn hunter
 44741 | Swamp:3  | Killed a thorn hunter
 44849 | Swamp:3  | Reached XP level 16. HP: 115/144 MP: 27/27
 45388 | Orc:2    | Bought the Disquisition on Helpful Toxins for 969 gold
                  | pieces
 45393 | Orc:2    | Learned a level 4 spell: Olgreb's Toxic Radiance
 45634 | Spider:1 | Entered Level 1 of the Spider Nest
 45853 | Spider:1 | Noticed Louise
 46115 | Spider:1 | Killed Louise
 46156 | Spider:1 | Found a frozen archway.
 46250 | IceCv    | Entered an ice cave
 47797 | IceCv    | Reached skill level 15 in Shields
 48152 | IceCv    | Got a pair of bloodstained boots
 48169 | IceCv    | Identified the cursed +0 pair of boots "Bipecenk" {Int+8
                  | Dex-5 SInv Stlth+} (You found it in an ice cave)
 51255 | Spider:3 | Reached skill level 16 in Axes
 51574 | Spider:4 | Entered Level 4 of the Spider Nest
 51805 | Spider:4 | Reached XP level 17. HP: 136/152 MP: 5/28
 52296 | Spider:4 | HP: 2/152 [redback (7)]
 52297 | Spider:3 | Succumbed to a redback's poison

Levels and vault maps discovered:
D:1:      minmay_arrival_loop, layout_loops_ring
D:2:      layout_basic, elyvilon_altar_3, first_ration
D:3:      layout_loops_ring, xom_redecorated, cheibrodos_sewer_entry_drain,
          uniq_crazy_yiuf_cottage
D:4:      layout_loops_cross, overflow_temple_1_default,
          nicolae_overflow_crystal_walls, lemuel_crystal_altar, bloody_trog,
          uniq_menkaure
D:5:      layout_loops_cross, nicolae_ossuary_entry_catacombs, uniq_duvessa
D:6:      corexii_shack_village, layout_loops_ring, nicolae_ru_path_of_blood,
          kennysheep_okawaru_gauntlet, uniq_prince_ribbit1
D:7:      layout_basic, kiku_gazebo_pond_becter,
          minmay_temple_entry_from_below_a, the_bakery, uniq_joseph
D:8:      layout_rooms, makhleb_grotto_becter, marbit_many_paths,
          erik_lair_dragon, serial_shops, shop, basic_altar
D:9:      layout_long_grid, fedhas_altar_3
D:10:     layout_stronghold, uniq_snorg
D:11:     layout_loops_ring, orc_0_dummy
D:12:     layout_rooms, minmay_misc_feat_alley
D:13:     minmay_polygon_palace, layout_basic, grunt_ministairs_8,
          hangedman_decor_diamond_cutter
D:14:     layout_gridville, david_vaults_2, minivault_4, basic_altar,
          serial_shops, nicolae_shop_competitors_out_of_business,
          nicolae_twisting_strands, minmay_misc_feat_roman, eino_tiny_chamber
D:15:     gammafunk_enter_depths_forms, layout_basic,
          hangedman_abyss_or_decor_jellyfish_corner, minmay_between
Lair:1:   layout_long_grid, st_stairs_9, grunt_megastairs_4, lemuel_fruit_tree
Lair:2:   layout_concentric_octagons
Lair:3:   layout_cave_pods, spider_nest_entry_web_field, serial_bayou_shore_b,
          infiniplex_staircase_pool, uniq_fannar, uniq_sonja
Lair:4:   layout_gridlike, swamp_mist, uniq_rupert, uniq_kirke
Lair:5:   minmay_lair_venomous_thicket, layout_misc_corridors, slime_altar_1,
          uniq_josephine
Lair:6:   due_jungle_book, layout_misc_corridors
Swamp:1:  layout_falls_marsh, hangedman_swamp_cone, swamp_pool3,
          nicolae_swamp_dense_foliage
Swamp:2:  layout_basic_swamp, hangedman_swamp_ruin_wall
Swamp:3:  layout_basic_swamp, evilmike_swamp_ruin_house_3, uniq_aizul
Spider:1: lemuel_spider_zombies, portal_ice_cave_entry_ice_statue_two,
          uniq_louise
Spider:2: nicolae_spider_mines_3
Spider:3: layout_spider_delve
Spider:4: spider_rune_water
Orc:1:    layout_diamond_mine
Orc:2:    grunt_orc_cross, layout_caves, nicolae_orc_lava_room

Skill      XL: |  1  2  3  4  5  6  7  8  9 10 11 12 13 14 15 16 |
---------------+-------------------------------------------------+-----
Axes           | 2 4 5 6 7 8 10 11 12 13 14 15 16 | 16.2
Fighting       | 3 4 5 6 7 8 9 10 11 12 13 14 | 14.0
Shields        | 4 5 6 8 9 11 13 14 15 | 15.0
Armour         | 3 5 |  5.4
Dodging        | 2 5 |  5.0
Spellcasting   | 3 5 |  5.0
Air Magic      | 4 5 6 7 |  7.9
Poison Magic   | 2 5 8 |  8.4

Action                   |  1- 3 |  4- 6 |  7- 9 | 10-12 | 13-15 | 16-18 || total
-------------------------+-------+-------+-------+-------+-------+-------++-------
Melee: War axe           |   142 |   104 |   765 |       |    26 |       ||  1037
       Trident           |       |       |    33 |  1021 |  1002 |       ||  2056
       Broad axe         |       |       |       |       |  1278 |   722 ||  2000
Throw: Dart              |     6 |       |    75 |    91 |   102 |       ||   274
       Boomerang         |       |       |    47 |     6 |       |       ||    53
       Stone             |       |       |    23 |       |       |       ||    23
 Cast: Poisonous Vapours |       |       |       |       |    49 |    79 ||   128
       Olgreb's Toxic Ra |       |       |       |       |       |    25 ||    25
Evoke: Wand              |       |       |     2 |     5 |     6 |     3 ||    16
  Use: Scroll            |     3 |       |    13 |    12 |    22 |     8 ||    58
       Potion            |     3 |       |       |    12 |    14 |     2 ||    31
 Stab: Held in net/web   |       |       |       |     2 |       |       ||     2
  Eat: Chunk             |     3 |     2 |    19 |    34 |    46 |    13 ||   117
       Ration            |       |       |     3 |     2 |    10 |     5 ||    20
Armor: Scale mail        |    11 |       |       |       |       |       ||    11
       Chain mail        |    54 |    42 |    81 |       |       |       ||   177
       Plate armour      |       |       |   261 |   431 |   727 |    64 ||  1483
       Swamp dragon scal |       |       |       |       |   147 |   226 ||   373
Dodge: Dodged            |    33 |    22 |   101 |   189 |   592 |   437 ||  1374
Block: Shield            |    75 |    46 |   332 |   509 |  1211 |   548 ||  2721

Table legend:
 A = Non-vault XP
 B = Vault XP
 C = Vault XP percentage of total XP
 D = Non-vault monster count
 E = Vault monster count
 F = Vault count percentage of total count
                 A         B        C        D         E       F
            +---------+---------+-------+---------+---------+-------
      Total |  190935 |   73110 |  27.7 |     795 |     299 |  27.3
            +---------+---------+-------+---------+---------+-------
        D:1 |      49 |       0 |   0.0 |      24 |       0 |   0.0
        D:2 |      25 |       0 |   0.0 |      16 |       0 |   0.0
        D:3 |     417 |       4 |   1.0 |      41 |       2 |   4.7
        D:4 |     378 |       0 |   0.0 |      22 |       0 |   0.0
        D:5 |     601 |     889 |  59.7 |      21 |      13 |  38.2
        D:6 |     627 |     301 |  32.4 |      15 |      21 |  58.3
        D:7 |    1780 |     215 |  10.8 |      30 |       1 |   3.2
        D:8 |    2673 |    1115 |  29.4 |      28 |       7 |  20.0
        D:9 |    2339 |       0 |   0.0 |      22 |       0 |   0.0
       D:10 |    1197 |    1090 |  47.7 |      14 |       1 |   6.7
       D:11 |    5089 |       0 |   0.0 |      26 |       0 |   0.0
       D:12 |    5021 |       0 |   0.0 |      25 |       0 |   0.0
       D:13 |    8246 |    5745 |  41.1 |      33 |      18 |  35.3
       D:14 |    8603 |    2270 |  20.9 |      38 |       6 |  13.6
       D:15 |   13213 |    3777 |  22.2 |      31 |      10 |  24.4
     Lair:1 |    3663 |     880 |  19.4 |      13 |       3 |  18.8
     Lair:2 |    2498 |    1054 |  29.7 |      12 |       1 |   7.7
     Lair:3 |    2651 |     827 |  23.8 |      14 |       1 |   6.7
     Lair:4 |    7526 |    6225 |  45.3 |      26 |       7 |  21.2
     Lair:5 |    4431 |    3010 |  40.5 |      15 |      12 |  44.4
     Lair:6 |   17053 |    2822 |  14.2 |      41 |       5 |  10.9
    Swamp:1 |   10308 |       0 |   0.0 |      30 |       0 |   0.0
    Swamp:2 |   18836 |       0 |   0.0 |      45 |       0 |   0.0
    Swamp:3 |   10875 |    1684 |  13.4 |      18 |       1 |   5.3
   Spider:1 |   12629 |   17165 |  57.6 |      38 |      37 |  49.3
   Spider:2 |   12300 |    1589 |  11.4 |      27 |       5 |  15.6
   Spider:3 |   21619 |       0 |   0.0 |      56 |       0 |   0.0
   Spider:4 |    7636 |       0 |   0.0 |      17 |       0 |   0.0
      Orc:1 |    2043 |    7398 |  78.4 |      21 |      11 |  34.4
      Orc:2 |    6609 |    5377 |  44.9 |      36 |      28 |  43.8
      Sewer |       0 |     881 | 100.0 |       0 |      28 | 100.0
    Ossuary |       0 |     248 | 100.0 |       0 |      27 | 100.0
      IceCv |       0 |    8544 | 100.0 |       0 |      54 | 100.0
            +---------+---------+-------+---------+---------+-------
